 Dungeon Crawl Stone Soup version 0.30-a0-691-g754fce4c43 (webtiles) character file.

Game seed: 12456824845158252966

875 Darius099 the Ruffian (level 7, -2/71 HPs)
             Began as a Troll Berserker on Jan 19, 2023.
             Was a Priest of Trog.
             Slain by a gnoll
             ... wielding a +0 flail
             ... led by a gnoll bouda
              (5 damage)
             ... on level 5 of the Dungeon on Jan 20, 2023.
             The game lasted 00:07:13 (3622 turns).

Darius099 the Ruffian (Troll Berserker)             Turns: 3622, Time: 00:07:14

Health: -2/71      AC:  5    Str: 26    XL:     7   Next: 74%
Magic:  6/6        EV: 11    Int:  3    God:    Trog [***...]
Gold:   188        SH:  0    Dex: 11    Spells: 6/6 levels left

rFire   . . .      SeeInvis .      - Unarmed
rCold   . . .      Faith    .    (no shield)
rNeg    . . .      Spirit   .    v - +0 robe
rPois   .          Reflect  .    (helmet restricted)
rElec   .          Harm     .    s - +0 cloak
rCorr   .          Rampage  .    (gloves unavailable)
Will    ++...                    (boots unavailable)
Stlth   +                        (no amulet)
HPRegen 2.11/turn                (no ring)
MPRegen 0.10/turn                (no ring)

@: lethally poisoned (-2 -> -2), lit by a corona, strong-willed, regenerating,
glowing
A: large, unfitting armour, claws 3, regeneration 1, shaggy fur 1, tough skin 1
a: Renounce Religion, Berserk, Trog's Hand


You were on level 5 of the Dungeon.
You worshipped Trog.
Trog was most pleased with you.
You visited 1 branch of the dungeon, and saw 5 of its levels.
You also visited: Sewer.

You collected 188 gold pieces.

Inventory:

Missiles
 g - 2 throwing nets (quivered)
Armour
 s - a +0 cloak (worn)
 v - a +0 robe (worn)
Wands
 j - a wand of digging (6)
 m - a wand of flame (45)
 r - a wand of quicksilver (4)
Scrolls
 a - a scroll of magic mapping {unknown}
 b - 2 scrolls of immolation {unknown}
 e - a scroll of poison {unknown}
 f - 2 scrolls of blinking {unknown}
 h - a scroll of torment {unknown}
 k - a scroll of vulnerability
 o - a scroll of fog {unknown}
 q - a scroll of amnesia {unknown}
 t - a scroll of enchant weapon {unknown}
 w - a scroll of identify
Potions
 c - a potion of might
 d - a potion of mutation {unknown}
 i - 3 potions of lignification
 l - 3 potions of attraction
 n - a potion of curing
 p - a potion of cancellation {unknown}
 u - 2 potions of brilliance


   Skills:
 + Level 4.9 Fighting
 + Level 4.8 Dodging
 + Level 5.9 Unarmed Combat


You had 6 spell levels left.
You didn't know any spells.
Your spell library was empty.

Dungeon Overview and Level Annotations

Branches:
Dungeon (5/15)             Temple (0/1) D:4           Sewer (visited)

Altars:
Cheibriados
Uskayaw
The Shining One

Shops:
D:3 (   D:4 *!

Annotations:
D:5 Dowan, Duvessa


Innate Abilities, Weirdness & Mutations

You are too large for most types of armour.
You have claws for hands.
Your natural rate of healing is unusually fast.
You are covered in fur. (AC +1)
You have tough skin. (AC +1)


Message History

There are monsters nearby!
Unknown command.
Unknown command.
Unknown command.
Unknown command.
Unknown command.
Unknown command.
There are monsters nearby!
Unknown command.
There are monsters nearby!
Unknown command.
There are monsters nearby!
Unknown command.
There are monsters nearby!
Unknown command.
There are monsters nearby!
Unknown command.
You are too injured to fight recklessly!
You are too injured to fight recklessly!
You are too injured to fight recklessly!
You are too injured to fight recklessly!
Unknown command.
Unknown command.
Unknown command.
Unknown command.
Your ogre goes berserk!
You feel very sick. The gnoll barely misses you.
The gnoll hits you with a +0 flail!
* * * LOW HITPOINT WARNING * * *
Something hits you.
* * * LOW HITPOINT WARNING * * *
The gnoll barely misses you. x2; Duvessa barely misses you.
Your skin crawls.
You feel strong-willed.
You can no longer call in reinforcements.
You feel sick.
The gnoll hits you from afar with a +0 spear!
* * * LOW HITPOINT WARNING * * *
The gnoll hits you with a +0 flail.
You die...

............#
##########......
............+ .......
.#..........#########
#######
#..................#
#..................#
#.########.........#
#. #.......... #
#..O....$..
#..@g......
#..egg.....
....g.g......
..##...........
.............
##............
#............
#............


You could see Duvessa, a gnoll bouda, 4 gnolls and a friendly ogre (summoned,
berserk).

Vanquished Creatures
  Grinder (D:3)
  A black bear (D:5)
  2 bullfrogs (Sewer)
  Jessica (D:3)
  Ijyb (D:3)
  4 orc wizards
  Robin (D:3)
  7 gnolls
  12 adders
  A white imp (D:4)
  3 worms
  4 dart slugs
  7 orcs
  8 ball pythons
  6 bats
  6 endoplasms
  9 giant cockroaches
  12 goblins
  12 hobgoblins
  2 jackals (D:2)
  5 quokkas
  12 frilled lizards
  4 kobolds
  3 rats
124 creatures vanquished.

Vanquished Creatures (others)
  A fungus (D:2)
1 creature vanquished.

Grand Total: 125 creatures vanquished

Notes
Turn   | Place    | Note
-------+----------+-------------------------------------------
     0 | D:1      | Darius099 the Troll Berserker began the quest for the Orb.
     0 | D:1      | Reached XP level 1. HP: 22/22 MP: 0/0
    54 | D:1      | Reached XP level 2. HP: 29/29 MP: 1/1
   594 | D:1      | Reached ** piety under Trog
   911 | D:2      | Reached XP level 3. HP: 36/36 MP: 2/2
  1242 | D:2      | Reached XP level 4. HP: 42/45 MP: 3/3
  1421 | D:2      | Found a faded altar of an unknown god.
  1485 | D:3      | Reached skill level 4 in Unarmed Combat
  1535 | D:3      | Reached XP level 5. HP: 50/53 MP: 4/4
  1609 | D:3      | Reached *** piety under Trog
  1617 | D:3      | Noticed Robin
  1621 | D:3      | Killed Robin
  1785 | D:3      | Noticed Ijyb
  1791 | D:3      | Killed Ijyb
  1858 | D:3      | Found Ypres's Antique Weapon Shop.
  1993 | D:3      | Found a glowing drain.
  2014 | Sewer    | Entered a sewer
  2030 | Sewer    | Reached XP level 6. HP: 62/62 MP: 5/5
  2111 | Sewer    | Reached **** piety under Trog
  2226 | Sewer    | Reached skill level 5 in Unarmed Combat
  2226 | Sewer    | Identified the +3 spear of Dissent {speed, rC+}
  2352 | D:3      | Noticed Jessica
  2360 | D:3      | Found a glowing golden altar of the Shining One.
  2361 | D:3      | Found a hide-covered altar of Uskayaw.
  2367 | D:3      | Killed Jessica
  2423 | D:3      | Reached XP level 7. HP: 70/70 MP: 6/6
  2436 | D:3      | Noticed Grinder
  2462 | D:3      | Killed Grinder
  2758 | D:4      | Found Buoleinu's Distillery.
  2963 | D:4      | Found a staircase to the Ecumenical Temple.
  2993 | D:4      | Found a snail-covered altar of Cheibriados.
  3128 | D:4      | Found Oliskuj's General Store.
  3562 | D:5      | Entered Level 5 of the Dungeon
  3612 | D:5      | Noticed Dowan
  3613 | D:5      | Noticed Duvessa
  3622 | D:5      | HP: 3/71 [gnoll/+0 spear[a gnoll bouda] (7)]
  3622 | D:5      | Slain by a gnoll

Illustrated notes

Levels and vault maps discovered:
D:1:      lightli_arrival_maybe_door_vault, layout_basic,
          grunt_decor_mini_mirrors
D:2:      layout_loops_ring, shapermc_ecumenical_altar_petra
D:3:      layout_basic, nicolae_overflow_squiral, portal_sewer_entry_f,
          serial_shops, nicolae_shop_hallway_plus,
          minmay_fractal_squares_diagonal_5, uniq_grinder, uniq_robin,
          uniq_jessica, uniq_ijyb
D:4:      layout_loops_corners, mainiacjoe_overflow_cross_hatched,
          minmay_temple_entry_antechambers, serial_shops, kennysheep_mini, shop
D:5:      layout_basic, mainiacjoe_overflow_divided_tiny, uniq_edmund,
          uniq_duvessa

Skill      XL: |  1  2  3  4  5  6 |
---------------+-------------------+-----
Fighting       | 3 4 |  4.9
Dodging        | 3 4 |  4.8
Unarmed Combat | 4 5 |  5.9

Action                   |  1- 3 |  4- 6 |  7- 9 || total
-------------------------+-------+-------+-------++-------
Melee: Unarmed           |   104 |   189 |    42 ||   335
       Punch             |     1 |     5 |       ||     6
Invok: Berserk           |       |     1 |       ||     1
       Trog's Hand       |       |       |     1 ||     1
       Brothers in Arms  |       |       |     1 ||     1
  Use: Scroll            |       |       |     7 ||     7
 Stab: Distracted        |       |     1 |       ||     1
Armor: Animal skin       |    38 |    72 |       ||   110
       Robe              |       |     1 |    12 ||    13
Dodge: Dodged            |    64 |   113 |    24 ||   201

Table legend: (Time is in decaauts)
 A = Elapsed time spent in this place.
 B = Non-inter-level travel time spent in this place.
 C = Inter-level travel time spent in this place.
 D = Time resting spent in this place.
 E = Time spent auto-exploring this place.
 F = Levels seen in this place.
 G = Mean time per level.
                   A        B        C        D        E       F      G
               +--------+--------+--------+--------+--------+-----+--------+
         Total |   3601 |   3510 |     91 |     40 |   2626 |   6 |  600.2 |
       Dungeon |   3379 |   3288 |     91 |     40 |   2540 |   5 |  675.8 |
         Sewer |    222 |    222 |      0 |      0 |     86 |   1 |  222.0 |
               +--------+--------+--------+--------+--------+-----+--------+

Top non-repeatable levels by time:
     D:3: 1050 daAuts
     D:1: 840 daAuts
     D:4: 816 daAuts
     D:2: 613 daAuts
   Sewer: 222 daAuts
     D:5: 59 daAuts
